 Dungeon Crawl Stone Soup version 0.29.1-2-gbd0b4ee654 (webtiles) character file.

Game seed: 18279991184715367653

72 hawla the Firebug (level 4, 0/33 HPs)
             Began as a Meteoran Fire Elementalist on Nov 3, 2022.
             Slain by Ijyb
             ... wielding a +0 club
              (4 damage)
             ... on level 3 of the Dungeon.
             The game lasted 00:04:53 (1236 turns).

hawla the Firebug (Meteoran Fire Elementalist)      Turns: 1236, Time: 00:04:54

Health: 0/33       AC:  5    Str: 10    XL:     4   Next: 77%
Magic:  9/9        EV: 12    Int: 18    God:
Gold:   23         SH:  0    Dex: 14    Spells: 2/9 levels left

rFire   . . .      SeeInvis .   i - +1 battleaxe
rCold   . . .      Faith    .   (shield currently unavailable)
rNeg    . . .      Spirit   .   a - +1 robe
rPois   .          Reflect  .   (no helmet)
rElec   .          Harm     .   j - +0 cloak
rCorr   .          Rampage  .   d - +0 pair of gloves
Will    .....                   (no boots)
Stlth   +.........              (no amulet)
HPRegen 0.11/turn               (no ring)
MPRegen 0.11/turn               (no ring)

@: mighty, lethally poisoned (0 -> -5), very slightly contaminated, glowing
A: sense surroundings 1, otherworldly, glowing, explore regen
a: no special abilities


You were on level 3 of the Dungeon.
You visited 1 branch of the dungeon, and saw 3 of its levels.

You collected 118 gold pieces.
You spent 95 gold pieces at shops.

Inventory:

Hand Weapons
 i - a +1 battleaxe (weapon)
Armour
 a - a +1 robe (worn)
 d - a +0 pair of gloves (worn)
 j - a +0 cloak (worn)
Jewellery
 c - a +6 ring of intelligence
 e - a ring of see invisible
Scrolls
 l - a scroll of vulnerability {unknown}
 o - a scroll of butterflies {unknown}
Potions
 f - a potion of degeneration {unknown}
 h - a potion of brilliance
 m - a potion of haste {unknown}
 n - a potion of attraction {unknown}
 p - a potion of curing {unknown}
 q - a potion of ambrosia


   Skills:
 - Level 1.0 Axes
 - Level 2.7 Dodging
 - Level 1.4 Stealth
 - Level 3.1 Spellcasting
 + Level 1.7 Conjurations
 + Level 5.2 Fire Magic


You had 2 spell levels left.
You knew the following spells:

 Your Spells              Type           Power      Damage    Failure   Level
a - Foxfire               Conj/Fire      60%        2x1d7     3%          1
b - Scorch                Fire           42%        2d7       2%          2
c - Flame Wave            Conj/Fire      15%        2d7       36%         4

Your spell library contained the following spells:

 Spells                   Type           Power      Damage    Failure   Level
 Conjure Flame            Conj/Fire      15%        6-21      12%         3
 Inner Flame              Hex/Fire       12%        N/A       17%         3


Dungeon Overview and Level Annotations

Branches:
Dungeon (3/15) Zot: 551

Altars:

Shops:
D:3 *

Portals:
Sewer: D:3

Annotations:
D:3 Ijyb


Innate Abilities, Weirdness & Mutations

You passively map a small area around you.
You are easily found by Zot.
You glow in the dark.
You regain HP and MP as you explore.


Message History

* * * LOW HITPOINT WARNING * * *
The adder barely misses you.
You closely miss the adder.
The adder is heavily wounded.
You miss the adder. x2; You miss Ijyb.
You feel sick. The adder barely misses you. The adder bites you.
* * * LOW HITPOINT WARNING * * *
The adder bites you but does no damage. Ijyb completely misses you.
The adder bites you but does no damage. The adder bites you.
* * * LOW HITPOINT WARNING * * *
You are lethally poisoned!
The adder poisons you! The adder bites you.
* * * LOW HITPOINT WARNING * * *
You are more poisoned.
The adder poisons you! Ijyb closely misses you. The adder misses you.
The adder closely misses you.
You bump into the translucent rock wall.
* * * LOW HITPOINT WARNING * * *
You feel very sick. The adder bites you but does no damage.
The rat twitches its whiskers.
Ijyb barely misses you. The adder barely misses you. x2
The adder bites you but does no damage.
You bump into the translucent rock wall.
You feel less invigorated.
You feel less confused.
* * * LOW HITPOINT WARNING * * *
You feel sick. The adder barely misses you. x2
Ijyb hits you but does no damage. The adder closely misses you.
Unknown command.
You barely miss the adder.
The adder is heavily wounded.
You barely miss the adder. x2; You hit Ijyb.
* * * LOW HITPOINT WARNING * * *
You feel very sick. The adder barely misses you.
The adder bites you but does no damage. The adder bites you.
* * * LOW HITPOINT WARNING * * *
Ijyb hits you with a +0 club.
You die...

,,,,,** *,,**,,,,,,,,**,,,****,*
*,**** #.,*#.####.####**,* *,*
*,* #..##.........# *,* *,*
*,******##..#..#######.# *,* *,*
*,,,,,,,........~~~~~#.#**,****,*
*********#.....#~~∩~~+.#,,,,,**,*
*#...†#~~~~~#.#,,,,,**,*
#.#..###.###..,,,,,,,,*
#.#..g@Sr....#,,,,,****
#.###.SS)#.###^,,,,* #.§...####*
***,*** ##..### *,*** #..# *,,,*
#.<### ***,* ********#....# *,*
*,,.......##.# *,* *,*#######*#.#
*,*


You could see Ijyb, 3 adders and a rat.

Vanquished Creatures
  Jessica (D:2)
  An adder (D:2)
  2 dart slugs
  A bat (D:1)
  4 endoplasms
  A giant cockroach (D:3)
  2 goblins
  2 hobgoblins (D:2)
  5 kobolds
  2 quokkas
  3 ball pythons
  2 frilled lizards (D:1)
  5 rats
31 creatures vanquished.

Vanquished Creatures (others)
  42 foxfires
42 creatures vanquished.

Grand Total: 73 creatures vanquished

Notes
Turn   | Place    | Note
-------+----------+-------------------------------------------
     0 | D:1      | hawla the Meteoran Fire Elementalist began the quest for
                  | the Orb.
     0 | D:1      | Reached XP level 1. HP: 14/14 MP: 5/5
    42 | D:1      | Found a faded altar of an unknown god.
   198 | D:1      | Reached skill level 4 in Fire Magic
   198 | D:1      | Reached XP level 2. HP: 14/20 MP: 1/6
   203 | D:1      | Learned a level 2 spell: Scorch
   665 | D:2      | Reached XP level 3. HP: 23/26 MP: 3/8
   756 | D:2      | Noticed Jessica
   759 | D:2      | Killed Jessica
   760 | D:2      | Reached skill level 1 in Axes
   760 | D:2      | Reached XP level 4. HP: 33/33 MP: 6/9
   769 | D:2      | Learned a level 4 spell: Flame Wave
   943 | D:2      | Reached skill level 5 in Fire Magic
  1093 | D:2      | Glimpsed the power of Zot.
  1172 | D:3      | Found Jynaomopn's Assorted Antiques.
  1180 | D:3      | Bought a scroll labelled ZUCAET OD QIHU for 26 gold pieces
  1180 | D:3      | Bought a black potion for 23 gold pieces
  1180 | D:3      | Bought 2 brown potions for 46 gold pieces
  1207 | D:3      | Found a glowing drain.
  1213 | D:3      | Noticed Ijyb
  1236 | D:3      | Slain by Ijyb

Illustrated notes

Levels and vault maps discovered:
D:1:      dpeg_arrival_shrine, layout_rooms,
          hellmonk_ecumenical_altar_crossroads, serial_corexii_hall,
          chequers_hall_statues_y, chequers_hall_statues_corner_a
D:2:      layout_loops_cross, minmay_quadrilaterals, uniq_jessica
D:3:      layout_loops_ring, nemelex_diamond_rough_becter,
          gup_sewer_entry_glass, serial_shops, shop, dk_noncrumbling_3,
          uniq_ijyb

Skill      XL: |  1  2  3  4 |
---------------+-------------+-----
Fire Magic     | 4 5 |  5.2
Spellcasting   | 3 |  3.1
Axes           | 1 |  1.0
Dodging        | |  2.7
Stealth        | |  1.4
Conjurations   | |  1.7

Action                   |  1- 3 |  4- 6 || total
-------------------------+-------+-------++-------
Melee: Unarmed           |     4 |       ||     4
       Battleaxe         |     1 |    18 ||    19
 Cast: Foxfire           |    25 |     4 ||    29
       Scorch            |     3 |     9 ||    12
       Flame Wave        |       |     2 ||     2
  Use: Scroll            |     3 |     3 ||     6
       Potion            |       |     3 ||     3
Armor: Robe              |     3 |    31 ||    34
Dodge: Dodged            |     9 |    58 ||    67
